 Dungeon Crawl Stone Soup version 0.19-a0-1686-g35356ef (webtiles) character file.

290707 sveltemanboy the Demonic Blade (level 19, -1/140 HPs)
             Began as a Demonspawn Gladiator on Sept 25, 2016.
             Was the Champion of Okawaru.
             Killed by a malign offering
             ... invoked by a deep elf high priest
              (27 damage)
             ... on level 3 of the Elven Halls.
             The game lasted 02:27:27 (38653 turns).

sveltemanboy the Demonic Blade (DsGl)              Turns: 38653, Time: 02:27:28

Health: -1/140     AC: 41    Str: 29    XL:     19   Next: 94%
Magic:  28/28      EV: 18    Int:  9    God:    Okawaru [******]
Gold:   3244       SH: 12    Dex: 22    Spells: 0 memorised, 18 levels left

rFire  + . .     SeeInvis .     M - +7 triple sword of Plog {slice, rPois MR+ Str+8 Int-4}
rCold  + . .     Gourm    .     X - +8 crystal plate armour "Sumninlyck" {rPois Int+2 Dex+4}
rNeg   . . .     Faith    .     (shield currently unavailable)
rPois  +         Spirit   .     c - +2 helmet
rElec  +         Dismiss  .     j - +2 cloak {MR+}
rCorr  .         Reflect  +     a - +1 pair of gloves {Dex+3}
MR     +++..     Harm     .     (boots unavailable)
Stlth  ..........               B - +4 amulet of reflection
                                T - ring of protection from fire
                                I - +3 ring of evasion

@: about to teleport
A: hooves 3, large bone plates 3, agile 1, cold resistance 1, poison resistance,
regeneration 1, electricity resistance, spiny 3, weak 1, no device heal 1,
freezing cloud immunity
a: Heroism, Finesse, Renounce Religion
}: 2/15 runes: serpentine, barnacled


You were on level 3 of the Elven Halls.
You worshipped Okawaru.
Okawaru was exalted by your worship.
You were not hungry.

You visited 7 branches of the dungeon, and saw 35 of its levels.
You visited 1 bazaar.
You also visited: Bailey and Ice Cave.

You collected 3917 gold pieces.
You spent 673 gold pieces at shops.

Inventory:

Hand Weapons
 M - the +7 triple sword of Plog (weapon) {slice, rPois MR+ Str+8 Int-4}
   (Okawaru gifted it to you on level 5 of the Lair of Beasts)

   It inflicts extra damage upon your enemies.
   It affects your strength (+8).
   It affects your intelligence (-4).
   It protects you from poison.
   It affects your resistance to hostile enchantments.
 V - the +1 triple sword "Arcanum" {freeze, rF+ Str+4}
   (Okawaru gifted it to you on level 2 of the Orcish Mines)

   It has been specially enchanted to freeze those struck by it, causing extra
   injury to most foes and up to half again as much damage against particularly
   susceptible opponents.
   It can also slow down cold-blooded creatures.
   It affects your strength (+4).
   It protects you from fire.
Missiles
 d - 9 throwing nets (quivered)
Armour
 a - a +1 pair of gloves of dexterity (worn)
 c - a +2 helmet (worn)
 j - a +2 cloak of magic resistance (worn)
 X - the +8 crystal plate armour "Sumninlyck" (worn) {rPois Int+2 Dex+4}
   (Okawaru gifted it to you on level 2 of the Orcish Mines)

   It affects your intelligence (+2).
   It affects your dexterity (+4).
   It protects you from poison.
Jewellery
 g - an uncursed ring of positive energy
 s - an uncursed ring of protection from magic
 B - a +4 amulet of reflection (around neck)
 F - an uncursed ring of resist corrosion
 I - a +3 ring of evasion (left hand)
 T - a ring of protection from fire (right hand)
Wands
 b - a wand of heal wounds (4/9)
 k - a wand of flame (17/48)
 m - a wand of paralysis (10/24)
 q - a wand of iceblast (13/15)
 y - a wand of confusion (2/48)
 z - a wand of enslavement (3/24)
 C - a wand of enslavement (12/24)
 E - a wand of teleportation (2/9)
 H - a wand of acid (3/15)
 L - a wand of iceblast (10/15)
 O - a wand of slowing (29/48)
 Q - a wand of paralysis (6/24)
 Z - a wand of iceblast (7/15)
Scrolls
 h - 2 scrolls of enchant weapon
 l - 13 scrolls of remove curse
 n - 11 scrolls of identify
 p - 6 scrolls of fog
 N - a scroll of recharging
 P - 3 scrolls of fear
 S - 2 scrolls of enchant armour
Potions
 e - 12 potions of curing
 o - a potion of agility
 r - 3 potions of berserk rage
 x - 4 potions of haste
 A - 8 potions of might
 D - 5 potions of flight
 J - a potion of ambrosia
 K - 2 potions of cure mutation
 U - 2 potions of invisibility
Miscellaneous
 t - a phial of floods (inert)
 v - a sack of spiders
Comestibles
 f - 20 bread rations
 u - 2 chunks of flesh


   Skills:
 - Level 10.0 Fighting
 - Level 22.0 Long Blades
 - Level 3.0 Throwing
 + Level 13.7 Armour
 + Level 13.3 Dodging
 - Level 7.0 Invocations
 * Level 12.7 Evocations


You had 18 spell levels left.
You didn't know any spells.

Dungeon Overview and Level Annotations

Branches:
Dungeon (15/15)            Temple (1/1) D:5            Lair (6/6) D:11
 Shoals (4/4) Lair:4        Snake (4/4) Lair:4        Slime (0/5) Lair:6
    Orc (2/2) D:12            Elf (3/3) Orc:2        Vaults (0/5) D:14
 Depths (0/5) D:15

Altars:
Cheibriados
Dithmenos
Fedhas
Gozag
Hepliaklqana
Makhleb
Nemelex Xobeh
Okawaru
Qazlal
Sif Muna
Uskayaw
Vehumet
Xom
Zin
The Shining One

Shops:
D:10 *   D:11 !   Orc:2 [*:!   Elf:1 [   Shoals:3 [

Portals:
Pandemonium: Orc:2

Annotations:
Lair:3 exclusion: oklob plant
Shoals:4 exclusion: Roxanne, Roxanne


Innate Abilities, Weirdness & Mutations

You have hooves in place of feet.
You are completely covered in large bone plates. (SH +8)
Your flesh is cold resistant. (rC+)
You are completely covered in sharp spines.
You are immune to freezing clouds.
You are agile. (Dex +2)
Your system is resistant to poisons. (rPois)
Your natural rate of healing is unusually fast.
You are resistant to electric shocks. (rElec)
You are weak. (Str -2)
Potions and wands are less effective at restoring your health.


Message History

* * * LOW HITPOINT WARNING * * *
The deep elf blademaster is struck by your spines.
The deep elf blademaster hits you but does no damage.
The deep elf blademaster barely misses you.
Unknown command.
Evoke which item? (* to show all) (? for menu, Esc to quit)
Zapping:
b - a wand of heal wounds (5/9)
Press: ? - help, Shift-Dir - straight line, f - you Your system partially rejects the healing.
You feel much better.
This wand has 4 charges left.
The deep elf mage seems less brilliant.
The deep elf mage mumbles some strange words.
The deep elf sorcerer mumbles some strange words.
The deep elf demonologist casts a spell.
You block the deep elf blademaster's attack.
The deep elf blademaster hits you but does no damage.
The deep elf master archer moves out of view.
The deep elf high priest utters a dark prayer and points at you.
Your life force is offered up.
You die...

****,,,,*,,,,,*,,,,,,,,,,,,#..§.)
,,,*,,,*,*,,,,#....****,,,,#()##.
****,,***,,,,##...#* **,,,*#e§#.
* *,,,*,,,,,#....# *,,,,#.e..
****,,,,,,,,##....# *,,,,#e.≈≈
,,,*,,,,,,###.....## **,,,,##{{≈
**,,,,,**##.2...§§§####e,,,,,#)≈≈
********,.e(4.^)e§e....4,,,,,#≈≈e
* *,,,+,⌠,,***#@e§.....,,,,,#≈1≈
* *,,,*,,,** ##e.s.e..,#####...
****,,,*,,,* *e....####.......
,,,*,,,*,,,* *...###..........
,,,*,,,**,,** **..##.......#....
*****,,,*,,,****,..#.....e.###..#
*,,,**,,,,,,,.##....^#.##...#
*,,,,**,,,,,⌠.#....#####....#
**,,,,***,,,,,#...####.....##


You could see a deep elf blademaster, a balrug, a deep elf annihilator, a deep
elf sorcerer, a deep elf demonologist, a deep elf high priest, 2 deep elf magi,
a red devil and a redback.

Vanquished Creatures
  Vashnia (Snake:2)
  Jorgrun (Snake:2)
  An Ice Fiend (IceCv)
  A deep elf blademaster (Elf:2)
  Frances (Shoals:1)
  Agnes (Elf:2)
  Polyphemus (Shoals:4)
  Donald (Shoals:1)
  7 greater nagas
  Ilsuiw (Shoals:4)
  A fire giant (D:15)
  Louise (D:15)
  Aizul (Snake:2)
  2 deep elf elementalists (Elf:3)
  4 deep elf demonologists
  3 deep elf annihilators
  2 merfolk javelineers (Shoals:4)
  9 merfolk impalers
  Snorg (Lair:5)
  5 deep elf death magi
  2 deep elf high priests (Elf:3)
  2 ogre magi
  A rakshasa (D:15)
  5 hydras
  10 anacondas
  22 naga warriors
  An alligator snapping turtle (Shoals:3)
  Erica (D:8)
  3 catoblepae
  2 merfolk avatars
  3 centaur warriors
  4 merfolk aquamancers
  21 death yaks
  22 dancing weapons
  3 tengu warriors
  5 orc high priests (Orc:2)
  7 shock serpents
  14 naga sharpshooters
  13 deep elf knights
  Sonja (D:12)
  Urug (D:13)
  2 salamander mystics (Snake:2)
  A shadow wraith (D:14)
  8 skeletal warriors
  A sixfirhy (Orc:2)
  A fire crab (Lair:6)
  9 sea snakes
  2 unseen horrors
  An infernal demonspawn (Orc:2)
  11 deep elf archers
  2 torturous demonspawn (Orc:2)
  10 naga ritualists
  2 wizards
  5 orc knights
  11 harpies
  10 cyclopes
  5 hill giants
  The ghost of st0uf the Chopper, a novice DsGl of Ru (D:7)
  An oklob plant (D:14)
  7 mana vipers
  7 orc sorcerers
  10 fauns
  15 ugly things
  38 deep elf magi
  6 salamanders
  19 manticores
  14 elephants
  Maurice (D:11)
  23 naga magi
  2 water nymphs (Shoals:2)
  9 sirens
  7 guardian serpents
  2 centaur skeletons (D:14)
  An orange demon (Orc:2)
  2 gargoyles (D:12)
  Psyche (D:11)
  33 black mambas
  10 spiny frogs
  6 kobold demonologists
  3 rime drakes
  5 ice devils (IceCv)
  A golden dragon simulacrum (IceCv)
  An anaconda simulacrum (IceCv)
  7 freezing wraiths
  10 komodo dragons
  A hellwing (Orc:2)
  3 tengu conjurers
  6 wind drakes
  3 two-headed ogres
  6 trolls
  26 merfolk
  11 slime creatures
  A meliai zombie (D:15)
  7 snapping turtles
  The ghost of Gruesome the Covert, an amateur OpMo (D:4)
  19 dream sheep
  9 hippogriffs
  29 blink frogs
  2 air elementals (Elf:1)
  A vampire (D:6)
  12 water elementals
  2 shadows
  2 dire elephant simulacra (IceCv)
  2 wraiths
  3 wyverns
  4 fire elementals
  A hog (shapeshifter) (D:15)
  5 basilisks
  51 yaks
  3 hungry ghosts
  A chaos spawn (Orc:2)
  A death yak simulacrum (IceCv)
  5 wargs
  A mottled dragon (D:11)
  49 nagas
  An iron troll simulacrum (IceCv)
  14 water moccasins
  4 harpy simulacra (IceCv)
  5 hydra simulacra (IceCv)
  A soldier ant (D:12)
  9 porcupines
  46 orc warriors
  3 sky beasts
  11 ice beasts
  6 phantoms
  2 eyes of draining
  A wasp (D:7)
  An ettin simulacrum (IceCv)
  20 wolves
  20 ogres
  10 centaurs
  15 crocodiles
  10 big kobolds
  15 bullfrogs
  4 earth elementals
  A gnoll sergeant (Orc:1)
  A water moccasin zombie (D:6)
  A wyvern skeleton (D:13)
  5 scorpions
  An elephant simulacrum (IceCv)
  A swamp dragon simulacrum (IceCv)
  5 howler monkeys
  5 wights (D:11)
  An electric eel (Lair:4)
  11 crimson imps
  3 bullfrog zombies
  2 centaur zombies
  A draconian simulacrum (IceCv)
  7 hounds
  3 jellies
  18 orc wizards
  23 orc priests
  2 bullfrog skeletons (D:12)
  2 gnoll shamans (D:9)
  18 iguanas
  4 spriggan simulacra (IceCv)
  13 worker ants
  3 troll simulacra (IceCv)
  A killer bee zombie (D:5)
  A wolf simulacrum (IceCv)
  2 centaur simulacra (IceCv)
  A hound skeleton (D:4)
  20 gnolls
  51 river rats
  14 adders
  An ogre simulacrum (IceCv)
  A shadow imp (D:10)
  4 white imps (IceCv)
  4 ufetubi (IceCv)
  17 oozes (D:14)
  2 adder skeletons (D:4)
  3 worms
  4 dart slugs
  5 leopard geckos
  89 orcs
  10 giant cockroaches
  6 goblins
  3 hobgoblins
  21 jackals
  3 quokkas
  8 bats
  4 frilled lizards
  33 kobolds
  A quokka skeleton (D:5)
  10 rats
  A fungus (Lair:4)
1427 creatures vanquished.

Vanquished Creatures (collateral kills)
  A sea snake (Shoals:4)
  A bullfrog (D:12)
2 creatures vanquished.

Vanquished Creatures (others)
  A deep elf demonologist (Elf:3)
  A merfolk javelineer (Shoals:3)
  A centaur warrior (D:12)
  A satyr (Shoals:4)
  A naga sharpshooter (Snake:2)
  A deep elf knight (Elf:1)
  A cyclops (D:13)
  A manticore (Shoals:4)
  A naga mage (Snake:3)
  2 orc warriors (Bailey)
  2 ufetubi (IceCv)
  6 orcs (Bailey)
  23 fungi
  20 plants
62 creatures vanquished.

Grand Total: 1491 creatures vanquished

Notes
Turn   | Place    | Note
-------+----------+-------------------------------------------
     0 | D:1      | sveltemanboy the Demonspawn Gladiator began the quest for the Orb.
     0 | D:1      | Reached XP level 1. HP: 16/16 MP: 1/1
   291 | D:1      | Gained mutation: You are partially covered in large bone plates. (SH +4) [demonic ancestry]
   291 | D:1      | Reached XP level 2. HP: 20/23 MP: 2/2
   434 | D:1      | Reached skill level 1 in Armour
   777 | D:1      | Gained mutation: You have large cloven feet. [demonic ancestry]
   777 | D:1      | Reached XP level 3. HP: 24/28 MP: 3/3
  1241 | D:2      | Gained mutation: Your flesh is cold resistant. (rC+) [demonic ancestry]
  1241 | D:2      | Reached XP level 4. HP: 26/35 MP: 4/4
  2103 | D:3      | Found a faded altar of an unknown god.
  2431 | D:3      | Found an opulent altar of Gozag.
  2909 | D:4      | Reached XP level 5. HP: 32/41 MP: 5/5
  2928 | D:4      | Noticed Gruesome's ghost (amateur OpMo)
  2948 | D:4      | Killed Gruesome's ghost
  2948 | D:4      | Gained mutation: You are partially covered in sharp spines. [demonic ancestry]
  2948 | D:4      | Reached XP level 6. HP: 35/48 MP: 6/6
  3556 | D:4      | Reached skill level 3 in Long Blades
  3847 | D:4      | Gained mutation: You are mostly covered in sharp spines. [demonic ancestry]
  3847 | D:4      | Reached XP level 7. HP: 55/55 MP: 7/7
  4440 | D:5      | Entered Level 5 of the Dungeon
  4571 | D:5      | Reached skill level 4 in Long Blades
  4599 | D:5      | Gained mutation: You are frail. (-10% HP) [mutagenic meat]
  4602 | D:5      | Gained mutation: You have hoof-like feet. [mutagenic meat]
  4663 | D:5      | Reached skill level 5 in Fighting
  4663 | D:5      | Reached skill level 5 in Armour
  4680 | D:5      | Found a staircase to the Ecumenical Temple.
  4689 | Temple   | Entered the Ecumenical Temple
  4760 | Temple   | Became a worshipper of Warmaster Okawaru
  4852 | D:5      | Gained mutation: You are completely covered in sharp spines. [demonic ancestry]
  4852 | D:5      | Reached XP level 8. HP: 45/55 MP: 6/8
  4935 | D:5      | Reached skill level 5 in Long Blades
  4935 | D:5      | Reached skill level 1 in Invocations
  6051 | D:6      | Reached skill level 6 in Long Blades
  6107 | D:6      | Found a stormy altar of Qazlal.
  6109 | D:6      | Noticed an air elemental
  6120 | D:6      | Reached * piety under Okawaru
  6518 | D:6      | Reached XP level 9. HP: 23/61 MP: 0/12
  6546 | D:6      | Reached ** piety under Okawaru
  6546 | D:6      | Reached skill level 7 in Long Blades
  6546 | D:6      | Reached skill level 5 in Invocations
  7220 | D:7      | Noticed st0uf's ghost (novice DsGl)
  7258 | D:7      | Killed st0uf's ghost
  7258 | D:7      | Reached *** piety under Okawaru
  7258 | D:7      | Reached skill level 8 in Long Blades
  7732 | D:7      | Found a radiant altar of Vehumet.
  7733 | D:7      | Found an opulent altar of Gozag.
  8075 | D:8      | Gained mutation: You have hooves in place of feet. [demonic ancestry]
  8075 | D:8      | Reached XP level 10. HP: 66/66 MP: 15/15
  8184 | D:8      | Reached **** piety under Okawaru
  8225 | D:8      | Reached skill level 9 in Long Blades
  8447 | D:8      | Noticed Erica
  8464 | D:8      | Killed Erica
  8464 | D:8      | Reached skill level 1 in Evocations
  9105 | D:9      | Found a glowing silver altar of Zin.
  9525 | D:9      | Reached skill level 10 in Long Blades
  9748 | D:9      | Reached ***** piety under Okawaru
 10089 | D:10     | Entered Level 10 of the Dungeon
 10138 | D:10     | Reached skill level 5 in Dodging
 10264 | D:10     | Found Kitimeg's Assorted Antiques.
 10401 | D:10     | Noticed a hill giant
 10412 | D:10     | Killed a hill giant
 10603 | D:10     | Gained mutation: You are immune to freezing clouds. [demonic ancestry]
 10603 | D:10     | Reached XP level 11. HP: 71/71 MP: 16/16
 10848 | D:11     | Noticed Psyche
 10851 | D:11     | Killed Psyche
 10857 | D:11     | Received a gift from Okawaru
 10924 | D:11     | Found a sparkling altar of Nemelex Xobeh.
 10961 | D:11     | Found Imimenuw's Distillery.
 11000 | D:11     | Reached skill level 11 in Long Blades
 11031 | D:11     | Bought a potion of flight for 36 gold pieces
 11071 | D:11     | Received a gift from Okawaru
 11269 | D:11     | Noticed Maurice
 11306 | D:11     | Killed Maurice
 11306 | D:11     | Reached skill level 5 in Evocations
 11428 | D:11     | Found a staircase to the Lair.
 11786 | D:11     | You fall through a shaft!
 11786 | D:12     | Noticed a skeletal warrior
 11789 | D:12     | Noticed a deep elf mage
 11796 | D:12     | Killed a deep elf mage
 11885 | D:11     | Received a gift from Okawaru
 11954 | D:12     | Found a staircase to the Orcish Mines.
 12245 | Lair:1   | Entered Level 1 of the Lair of Beasts
 12447 | Lair:1   | Received a gift from Okawaru
 12498 | Lair:1   | Reached skill level 12 in Long Blades
 12528 | Lair:1   | Reached ****** piety under Okawaru
 12737 | Lair:1   | Lost mutation: You are frail. (-10% HP) [potion of cure mutation]
 12737 | Lair:1   | Lost mutation: You have hooves in place of feet. [potion of cure mutation]
 13277 | Lair:2   | Reached XP level 12. HP: 71/89 MP: 14/17
 13969 | Lair:2   | Received a gift from Okawaru
 13974 | Lair:2   | Got a twisted buckler {god gift}
 13975 | Lair:2   | Identified the +0 buckler "Xowogir" {Str+3} (Okawaru gifted it to you on level 2 of the Lair of Beasts)
 14091 | Lair:3   | Found a glowing golden altar of the Shining One.
 14948 | Lair:3   | Reached skill level 13 in Long Blades
 15073 | Lair:4   | Found a staircase to the Snake Pit.
 16152 | Lair:4   | Found a staircase to the Shoals.
 16308 | Lair:5   | Reached XP level 13. HP: 33/99 MP: 5/19
 16709 | Lair:5   | Received a gift from Okawaru
 16713 | Lair:5   | Got a crude triple sword {god gift}
 16754 | Lair:5   | Identified the +7 triple sword of Plog {slice, rPois MR+ Str+8 Int-4} (Okawaru gifted it to you on level 5 of the Lair of Beasts)
 16876 | Lair:5   | Noticed Snorg
 16912 | Lair:5   | Reached skill level 14 in Long Blades
 16952 | Lair:5   | Killed Snorg
 17470 | Lair:5   | Found a deep blue altar of Sif Muna.
 17581 | Lair:6   | Entered Level 6 of the Lair of Beasts
 17999 | Lair:6   | Received a gift from Okawaru
 17999 | Lair:6   | Reached skill level 15 in Long Blades
 18714 | Lair:6   | Found a staircase to the Slime Pits.
 18750 | Lair:6   | Reached skill level 16 in Long Blades
 18953 | Lair:6   | Gained mutation: You are mostly covered in large bone plates. (SH +6) [demonic ancestry]
 18953 | Lair:6   | Reached XP level 14. HP: 96/106 MP: 17/20
 19101 | Lair:6   | Received a gift from Okawaru
 19666 | Lair:6   | Reached skill level 17 in Long Blades
 19988 | Lair:6   | Received a gift from Okawaru
 20371 | Orc:1    | Entered Level 1 of the Orcish Mines
 20692 | Orc:2    | Entered Level 2 of the Orcish Mines
 20774 | Orc:2    | Found a staircase to the Elven Halls.
 21216 | Orc:2    | Received a gift from Okawaru
 21219 | Orc:2    | Got a scorched triple sword {god gift}
 21220 | Orc:2    | Identified the +1 triple sword "Arcanum" {freeze, rF+ Str+4} (Okawaru gifted it to you on level 2 of the Orcish Mines)
 21325 | Orc:2    | Found Vatusku's Distillery.
 21407 | Orc:2    | Found Olagh's General Store.
 21482 | Orc:2    | Bought a potion of mutation for 42 gold pieces
 21777 | Orc:2    | Bought a scroll of torment for 105 gold pieces
 22170 | Orc:2    | Reached skill level 18 in Long Blades
 22464 | Orc:2    | Received a gift from Okawaru
 22475 | Orc:2    | Got a brightly glowing crystal plate armour {god gift}
 22493 | Orc:2    | Reached XP level 15. HP: 84/115 MP: 17/21
 22513 | Orc:2    | Identified the +8 crystal plate armour "Sumninlyck" {rPois Int+2 Dex+4} (Okawaru gifted it to you on level 2 of the Orcish Mines)
 22550 | Orc:2    | Found Zoasucoodgh's Book Boutique.
 22550 | Orc:2    | Found Ceiparuf's Antique Armour Shop.
 22550 | Orc:2    | Found a one-way gate leading to the halls of Pandemonium.
 22563 | Orc:2    | Bought a pair of runed gloves for 90 gold pieces
 22985 | Snake:1  | Entered Level 1 of the Snake Pit
 23090 | Snake:1  | Gained mutation: You are weak. (Str -2) [potion of mutation]
 23090 | Snake:1  | Gained mutation: Your system is resistant to poisons. (rPois) [potion of mutation]
 23393 | Snake:1  | Reached skill level 10 in Fighting
 24022 | Snake:1  | Gained mutation: You are resistant to electric shocks. (rElec) [mutagenic meat]
 24025 | Snake:1  | Gained mutation: You are agile. (Dex +2) [mutagenic meat]
 24028 | Snake:1  | Gained mutation: You have hooves in place of feet. [mutagenic meat]
 24031 | Snake:1  | Gained mutation: Your mind is acute. (Int +2) [mutagenic meat]
 24034 | Snake:1  | Gained mutation: Potions and wands are less effective at restoring your health. [mutagenic meat]
 24037 | Snake:1  | Gained mutation: Your natural rate of healing is unusually fast. [mutagenic meat]
 24189 | Snake:1  | Received a gift from Okawaru
 24619 | Snake:2  | Reached skill level 19 in Long Blades
 24659 | Snake:2  | Found a flickering gateway to a bazaar.
 24672 | Bazaar   | Entered a bazaar
 24672 | Bazaar   | Found Iwadiw's Book Emporium.
 24733 | Bazaar   | Found Xytattiest's Armour Shop.
 24736 | Bazaar   | Found Raveiz's Jewellery Shop.
 24748 | Bazaar   | Found Upnaizxa's Food Shoppe.
 24756 | Bazaar   | Found Eruajeod's Food Emporium.
 24779 | Bazaar   | Bought a +4 amulet of reflection for 400 gold pieces
 24844 | Snake:2  | Noticed Jorgrun
 24846 | Snake:2  | Noticed Vashnia
 24850 | Snake:2  | Killed Jorgrun
 24870 | Snake:2  | Killed Vashnia
 25068 | Snake:2  | Received a gift from Okawaru
 25068 | Snake:2  | Gained mutation: You are completely covered in large bone plates. (SH +8) [demonic ancestry]
 25068 | Snake:2  | Reached XP level 16. HP: 83/122 MP: 22/22
 25073 | Snake:2  | Got a pair of pitted gloves {god gift}
 25084 | Snake:2  | Identified the -7 pair of gloves of Qoekhlas {rElec rPois Int-2 Dex+2} (Okawaru gifted it to you on level 2 of the Snake Pit)
 25440 | Snake:2  | Noticed Aizul
 25456 | Snake:2  | Killed Aizul
 26440 | Snake:4  | Entered Level 4 of the Snake Pit
 26458 | Snake:3  | Received a gift from Okawaru
 26631 | Snake:4  | Reached skill level 20 in Long Blades
 26937 | Snake:4  | Received a gift from Okawaru
 27002 | Snake:4  | Reached skill level 10 in Armour
 27003 | Snake:4  | Received a gift from Okawaru
 27056 | Snake:4  | Received a gift from Okawaru
 27085 | Snake:4  | Received a gift from Okawaru
 27097 | Snake:4  | Reached XP level 17. HP: 43/128 MP: 23/23
 27174 | Snake:4  | Received a gift from Okawaru
 27244 | Snake:4  | Identified a scroll of acquirement
 27338 | Snake:4  | Got a serpentine rune of Zot
 27346 | Snake:4  | Received a gift from Okawaru
 27346 | Snake:4  | Reached skill level 10 in Dodging
 27524 | Shoals:1 | Entered Level 1 of the Shoals
 27611 | Shoals:1 | Noticed Frances
 27617 | Shoals:1 | Noticed Donald
 27984 | Shoals:1 | Killed Donald
 28156 | Shoals:1 | Killed Frances
 28262 | Shoals:2 | Received a gift from Okawaru
 28789 | Shoals:2 | Lost mutation: Your mind is acute. (Int +2) [a Zot trap]
 29274 | Shoals:3 | Reached skill level 21 in Long Blades
 29458 | Shoals:3 | Found Orylekhla's Antique Armour Shoppe.
 29500 | Shoals:4 | Entered Level 4 of the Shoals
 29653 | Shoals:4 | Got a spiked plate armour
 29654 | Shoals:4 | Identified the +6 plate armour of the Shoals {rN++ Int-4 SInv} (You took it off a merfolk javelineer on level 4 of the Shoals)
 29816 | Shoals:4 | Received a gift from Okawaru
 30014 | Shoals:4 | Noticed Polyphemus
 30030 | Shoals:4 | Killed Polyphemus
 30282 | Shoals:4 | Mutation became permanent: You have hooves in place of feet. [demonic ancestry]
 30282 | Shoals:4 | Reached XP level 18. HP: 133/134 MP: 24/24
 30333 | Shoals:4 | Received a gift from Okawaru
 30372 | Shoals:4 | Got a faintly humming scale mail {god gift}
 30373 | Shoals:4 | Identified the +3 scale mail "Zyirr" {MR+ Int+4} (Okawaru gifted it to you on level 4 of the Shoals)
 30390 | Shoals:4 | Got a barnacled rune of Zot
 30532 | Shoals:4 | Noticed Ilsuiw
 30576 | Shoals:4 | Noticed Roxanne
 30612 | Shoals:4 | Killed Ilsuiw
 30989 | D:12     | Noticed Sonja
 31011 | D:12     | Killed Sonja
 31030 | D:12     | You fall through a shaft for 3 floors!
 31030 | D:15     | Entered Level 15 of the Dungeon
 31033 | D:15     | Found a staircase to the Depths.
 31651 | D:13     | Noticed Urug
 31656 | D:13     | Killed Urug
 31993 | D:13     | Found a flagged portal.
 32003 | Bailey   | Entered a bailey
 32326 | Bailey   | Found a roughly hewn altar of Beogh.
 33103 | D:12     | Received a gift from Okawaru
 33769 | D:14     | Reached skill level 22 in Long Blades
 34094 | D:14     | Found a snail-covered altar of Cheibriados.
 34297 | D:14     | Found a gate to the Vaults.
 34588 | D:15     | Noticed Louise
 34610 | D:15     | Killed Louise
 35171 | Elf:1    | Entered Level 1 of the Elven Halls
 35384 | Elf:1    | Reached XP level 19. HP: 139/140 MP: 26/26
 35433 | Elf:1    | Reached skill level 10 in Evocations
 35724 | Elf:1    | Identified the Volume of Calling
 35945 | Elf:1    | Found Heungurosyrr's Armour Boutique.
 36193 | Elf:2    | Found a radiant altar of Vehumet.
 36199 | Elf:2    | Received a gift from Okawaru
 36633 | Elf:2    | Received a gift from Okawaru
 36801 | Elf:2    | Found a runed gate.
 36801 | Elf:2    | Found a runed gate.
 36801 | Elf:2    | Found a runed gate.
 37015 | Elf:2    | Noticed Agnes
 37029 | Elf:2    | Killed Agnes
 37563 | Elf:3    | Entered Level 3 of the Elven Halls
 37667 | Elf:3    | Found a frozen archway.
 37673 | IceCv    | Entered an ice cave
 38539 | Elf:3    | Received a gift from Okawaru
 38653 | Elf:3    | Killed from afar by a deep elf high priest

Vault maps used:
D:1:      matt_arrival_grand_opening
D:3:      ecumenical_altar_1, nicolae_gozag_cash_rules_everything_around_me
D:4:      kennysheep_six_static_rooms
D:5:      first_bread, grunt_decor_cap, kennysheep_generic_room_13
D:6:      minmay_misc_feat_enclosed, nicolae_qazlal_style_of_elements
D:7:      gammafunk_temple_overflow_statue, patterned_corridor
D:8:      uniq_erica
D:9:      kennysheep_seaside_town, lemuel_crystal_altar
D:10:     serial_shops, shop, blue_anna_alchemist
D:11:     erik_lair_orcish_takeover, serial_shops, shop,
          nemelex_xobeh_ov_fountains_minmay, uniq_psyche, uniq_maurice
D:12:     four-leaf_vault, orc_0_dummy, st_stairs_7, uniq_sonja
D:13:     enter_bailey_8, uniq_urug
D:14:     lemuel_slime, david_vaults_4, hangedman_decor_diamond_cutter,
          cheibriados_altar_1
D:15:     grunt_enter_depths_giant_problem, spider_trap, uniq_louise
Temple:   dpeg_five_rooms_temple
Lair:2:   fungi_pond_lemuel, grunt_megastairs_4
Lair:3:   lemuel_oklob_altar
Lair:4:   elwin_shoals_entry_rooms, dummy_snake_entry
Lair:5:   basic_altar, uniq_snorg
Lair:6:   hangedman_lair_in_review, slime_dummy
Shoals:1: nicolae_shoals_island_circles, uniq_donald, uniq_frances
Shoals:3: serial_shops, shop
Shoals:4: shoals_end_hangedman, shoals_ilsuiw_ice, uniq_polyphemus, uniq_roxanne
Snake:2:  special_room, serial_shops, bzr_entry_dummy, lemuel_fruit_tree,
          grunt_megastairs_2, uniq_aizul, uniq_jorgrun, uniq_vashnia
Snake:3:  spider_trap, nicolae_coiled_stairwell_down
Snake:4:  snake_pit
Orc:1:    serial_shops, shop, sword_in_stone
Orc:2:    pf_orc_diabolical
Elf:1:    elf_arrival_001, serial_shops, shop, minmay_elf_demonology
Elf:2:    basic_altar, uniq_agnes
Elf:3:    minmay_elf_hall_curves, portal_ice_cave_entry_horrid_things,
          basic_altar, st_stairs_5
Bazaar:   bazaar_kb_twisted_cavern
Bailey:   bailey_polearm_2, bailey
IceCv:    ice_cave_caverns_03

Skill      XL: |  1  2  3  4  5  6  7  8  9 10 11 12 13 14 15 16 17 18 19 |
---------------+----------------------------------------------------------+-----
Armour         | 1 2 3 4 5 6 7 8 10 11 12 13 | 13.7
Dodging        | 3 5 6 7 9 11 12 13 | 13.3
Throwing       | 2 3 |  3.0
Fighting       | 3 4 5 6 8 9 10 | 10.0
Long Blades    | 3 4 6 8 10 12 13 16 18 19 20 21 22 | 22.0
Invocations    | 4 7 |  7.0
Evocations     | 4 6 8 9 12 | 12.7

Action                   |  1- 3 |  4- 6 |  7- 9 | 10-12 | 13-15 | 16-18 | 19-21 || total
-------------------------+-------+-------+-------+-------+-------+-------+-------++-------
Melee: Long sword        |   199 |   207 |   333 |    59 |       |       |       ||   798
       Kick              |    17 |    12 |     3 |   223 |   359 |   649 |   205 ||  1468
       Scimitar          |       |       |       |   374 |     5 |       |       ||   379
       Great sword       |       |       |       |   339 |    50 |       |       ||   389
       Triple sword      |       |       |       |       |   853 |  1606 |   477 ||  2936
Throw: Stone             |    12 |    18 |    18 |       |       |       |       ||    48
       Throwing net      |     1 |     1 |     4 |       |     1 |       |     2 ||     9
       Tomahawk          |       |     6 |    35 |    52 |    46 |       |       ||   139
       Javelin           |       |       |       |     5 |     3 |       |       ||     8
Invok: Heroism           |       |       |       |     1 |     8 |     5 |     1 ||    15
Evoke: Wand              |       |     2 |    19 |    34 |    15 |    26 |    17 ||   113
       Phial of floods   |       |       |       |       |       |       |     1 ||     1
       Sack of spiders   |       |       |       |       |       |       |     1 ||     1
  Use: Potion            |       |       |    10 |    14 |     4 |     6 |       ||    34
       Scroll            |       |       |     2 |    18 |     5 |    25 |     7 ||    57
 Stab: Sleeping          |     1 |       |     1 |       |       |       |       ||     2
       Paralysed         |       |       |       |     7 |       |       |       ||     7
       Invisible         |       |       |       |     4 |       |       |       ||     4
       Confused          |       |       |       |     7 |     1 |       |       ||     8
       Petrified         |       |       |       |       |     1 |       |       ||     1
       Held in net/web   |       |       |       |       |     1 |       |     2 ||     3
       Distracted        |       |       |       |       |       |     1 |       ||     1
  Eat: Chunk             |     1 |     9 |    16 |    26 |    31 |    33 |     8 ||   124
       Fruit             |       |       |       |     2 |       |     5 |       ||     7
       Beef jerky        |       |       |       |     1 |       |     2 |       ||     3
       Pizza             |       |       |       |     1 |       |       |       ||     1
       Meat ration       |       |       |       |       |     1 |       |       ||     1
       Royal jelly       |       |       |       |       |     1 |       |       ||     1
       Bread ration      |       |       |       |       |       |       |     1 ||     1
Armor: Leather armour    |    58 |    48 |    12 |       |       |       |       ||   118
       Scale mail        |       |       |   101 |   148 |     1 |       |       ||   250
       Ring mail         |       |       |     1 |       |   113 |       |       ||   114
       Chain mail        |       |       |       |       |     9 |       |       ||     9
       Crystal plate arm |       |       |       |       |   165 |   826 |   187 ||  1178
Dodge: Dodged            |   126 |   114 |   115 |   248 |   353 |   608 |   171 ||  1735
Block: Other             |    29 |    34 |    48 |    91 |   166 |   867 |   182 ||  1417
       Reflection        |       |       |       |       |    12 |   119 |    16 ||   147
